 Dungeon Crawl Stone Soup version 0.30.0-15-g856e2d3f33 (webtiles) character file.

Game seed: 4476904137500698182

67 qw the Chopper (level 4, -1/28 HPs)
             Began as a Gargoyle Fighter on May 20, 2023.
             Slain by a gnoll
             ... wielding a +0 spear
              (3 damage)
             ... on level 2 of the Dungeon.
             The game lasted 00:00:40 (1043 turns).

qw the Chopper (Gargoyle Fighter)                   Turns: 1043, Time: 00:00:41

Health: -1/28      AC: 11    Str: 22    XL:     4   Next: 16%
Magic:  4/4        EV:  9    Int:  8    God:
Gold:   88         SH:  4    Dex:  9    Spells: 3/3 levels left

rFire   . . .        Y - +1 war axe
rCold   . . .        c - +0 buckler
rNeg    + . .        b - +0 scale mail
rPois   inf          (no helmet)
rElec   +            (no cloak)
rCorr   .            (no gloves)
SInv    .            i - +0 pair of boots
Will    .....        (no amulet) Stlth
                     (no ring)
HPRegen 0.24/turn    (no ring)
MPRegen 0.09/turn

%: no passive effects
@: no status effects
A: sickness immunity, AC +3, negative energy resistance 1, electricity
resistance, torment resistance 1, petrification resistance
a: no special abilities


You were on level 2 of the Dungeon.
You visited 1 branch of the dungeon, and saw 2 of its levels.

You collected 88 gold pieces.


Innate Abilities, Weirdness & Mutations

You are immune to sickness and miasma.
Your stone body is resilient. (AC +3)
You are immune to poison.
You resist negative energy. (rN+)
You are resistant to electric shocks. (rElec)
You are resistant to unholy torment.
You are immune to petrification.


   Skills:
 - Level 3.2 Fighting
 + Level 3.9 Axes
 - Level 3.2 Armour
 - Level 3.2 Shields


You had 3 spell levels left.
You didn't know any spells.
Your spell library was empty.

Inventory:

Hand Weapons
 e - a +0 club
 Y - a +1 war axe (weapon)
Armour
 b - a +0 scale mail (worn)
 c - a +0 buckler (worn)
 i - a +0 pair of boots (worn)
Potions
 a - a potion of curing {unknown}
 d - a potion of might
 f - a potion of lignification {unknown}

Dungeon Overview and Level Annotations

Branches:
Dungeon (2/15)

Altars:


Message History

The gnoll closely misses you.
The gnoll shouts!
You slash the gnoll!
You kill the gnoll!
You closely miss the gnoll. The gnoll hits you with a +0 whip!
The gnoll hits you from afar with a +0 spear.
The gnoll hits you but does no damage. x2
You have reached level 4!
You feel stronger.
You hit the gnoll.
The gnoll is moderately wounded.
The gnoll hits you but does no damage. The gnoll closely misses you.
A hobgoblin comes into view.
You barely miss the gnoll.
The gnoll is moderately wounded.
The gnoll barely misses you. x2; The gnoll hits you but does no damage.
You hit the gnoll.
The gnoll is heavily wounded.
The gnoll completely misses you. The gnoll barely misses you.
The gnoll hits you but does no damage.
You barely miss the gnoll.
The gnoll is heavily wounded.
The gnoll barely misses you. The gnoll hits you but does no damage.
The gnoll barely misses you. The gnoll hits you but does no damage.
The gnoll barely misses you. x2
You hit the gnoll.
The gnoll is severely wounded.
You block the gnoll's attack. The gnoll hits you with a +0 whip!
The gnoll hits you from afar with a +0 spear.
You barely miss the gnoll.
The gnoll is severely wounded.
The gnoll closely misses you.
The gnoll hits you from afar with a +0 spear.
The gnoll closely misses you.
You barely miss the gnoll.
The gnoll is severely wounded.
The gnoll hits you but does no damage. You block the gnoll's attack.
The gnoll closely misses you.
The gnoll hits you from afar with a +0 spear.
You die...

###. ##.#.... <
.... ...... ..
... #.... ..
.##.###.#.##...#
...............
#..#..g# ..#
#..##gg###...#
#....).......#
#..##.@g.#..##
#..##.......#
#..###..#...#
#.............
#####.#####.....
#........(#..###
#?#.#.#.#)# .#
##.......# .#
#.# ###.#.###
#.#


You could see 3 gnolls and a hobgoblin.

Vanquished Creatures
  2 gnolls
  An adder (D:2)
  7 endoplasms
  2 giant cockroaches (D:1)
  4 goblins
  2 hobgoblins
  3 jackals (D:1)
  2 quokkas (D:1)
  3 ball pythons
  2 bats (D:1)
  3 frilled lizards
  2 kobolds (D:1)
  3 rats
36 creatures vanquished.

Notes
Turn   | Place    | Note
-------+----------+-------------------------------------------
     0 | D:1      | qw the Gargoyle Fighter began the quest for the Orb.
     0 | D:1      | Reached XP level 1. HP: 14/14 MP: 1/1
     0 | D:1      | 0 ||| qw: Version: 0.2-a-97-g6b18286
     0 | D:1      | 0 ||| qw: Game counter: 11
     0 | D:1      | 0 ||| qw: Always use a shield: true
     0 | D:1      | 0 ||| qw: God list: Okawaru
     0 | D:1      | 0 ||| qw: Allow faded altars: false
     0 | D:1      | 0 ||| qw: Do Orc after D:15 true
     0 | D:1      | 0 ||| qw: Do second Lair branch before Depths: true
     0 | D:1      | 0 ||| qw: Lair rune preference: random
     0 | D:1      | 0 ||| qw: Plans: Normal, Zot:1-4, God:TSO, Crypt, Tomb,
                  | Pan, Slime:5, Hells, Abyss, Win
     0 | D:1      | 0 ||| PLANNING D:1-11
   208 | D:1      | 208 ||| Stepping ~*~*~tactically~*~*~ (hiding).
   213 | D:1      | Reached XP level 2. HP: 19/19 MP: 2/2
   350 | D:1      | 350 ||| Stepping ~*~*~tactically~*~*~ (stealth).
   390 | D:1      | Reached skill level 3 in Axes
   395 | D:1      | Reached XP level 3. HP: 23/23 MP: 3/3
   557 | D:1      | 557 ||| Stepping ~*~*~tactically~*~*~ (stealth).
   689 | D:1      | 689 ||| Stepping ~*~*~tactically~*~*~ (stealth).
   690 | D:1      | 690 ||| Stepping ~*~*~tactically~*~*~ (stealth).
   697 | D:1      | 697 ||| Stepping ~*~*~tactically~*~*~ (stealth).
   840 | D:1      | 840 ||| UPGRADING to +0 pair of boots.
   845 | D:1      | 845 ||| READING scroll labelled JOIMIV WECU.
   846 | D:1      | 846 ||| READING scroll labelled DEOTTE XYWEOSH.
   847 | D:1      | 847 ||| READING scroll labelled LAX BAEVIAMOF.
   848 | D:1      | 848 ||| READING scroll labelled OTHREST NURAOT.
  1025 | D:2      | 1025 ||| Stepping ~*~*~tactically~*~*~ (stealth).
  1028 | D:2      | 1028 ||| Stepping ~*~*~tactically~*~*~ (stealth).
  1029 | D:2      | 1029 ||| Stepping ~*~*~tactically~*~*~ (stealth).
  1030 | D:2      | 1030 ||| Stepping ~*~*~tactically~*~*~ (stealth).
  1037 | D:2      | Reached XP level 4. HP: 11/28 MP: 4/4
  1041 | D:2      | HP: 5/28 [gnoll/+0 whip (8)]
  1042 | D:2      | HP: 2/28 [gnoll/+0 spear (2)]
  1043 | D:2      | Slain by a gnoll

Levels and vault maps discovered:
D:1:      lightli_arrival_statue_moat, layout_loops_ring
D:2:      minmay_spotlight, layout_basic

Skill      XL: |  1  2 |
---------------+-------+-----
Axes           | 2 3 |  3.9
Fighting       | |  3.2
Armour         | |  3.2
Shields        | |  3.2

Action                     |  1- 3 |  4- 6 || total
---------------------------+-------+-------++-------
  Melee: War axe           |   110 |     7 ||   117
    Use: Scroll            |     4 |       ||     4
 Armour: Scale mail        |    52 |     6 ||    58
  Dodge: Dodged            |    47 |    12 ||    59
  Block: Buckler           |    16 |     2 ||    18

Table legend:
 A = Non-vault XP
 B = Vault XP
 C = Vault XP percentage of total XP
 D = Non-vault monster count
 E = Vault monster count
 F = Vault count percentage of total count
                 A         B        C        D         E       F
            +---------+---------+-------+---------+---------+-------
      Total |      79 |      17 |  17.7 |      32 |       4 |  11.1
            +---------+---------+-------+---------+---------+-------
        D:1 |      57 |       0 |   0.0 |      27 |       0 |   0.0
        D:2 |      22 |      17 |  43.6 |       5 |       4 |  44.4
            +---------+---------+-------+---------+---------+-------
